 Dungeon Crawl Stone Soup version 0.20-a0-640-g62ed22f (console) character file.

7467 nht the Cleaver (level 11, -4/72 HPs)
             Began as a Barachian Hunter on Feb 12, 2017.
             Was an Elder of Okawaru.
             Slain by a hippogriff (5 damage)
             ... on level 10 of the Dungeon.
             The game lasted 00:28:09 (11446 turns).

nht the Cleaver (Barachian Hunter)                 Turns: 11446, Time: 00:28:10

Health: -4/72      AC:  9    Str: 13    XL:     11   Next: 15%
Magic:  13/13      EV: 11    Int: 11    God:    Okawaru [****..]
Gold:   271        SH:  4    Dex: 11    Spells: 10/10 levels left

rFire    . . .     SeeInvis .   a - +0 war axe
rCold    + . .     Gourm    .   F - +3 leather armour {MR+}
rNeg     . . .     Faith    .   (no shield)
rPois    .         Spirit   .   (no helmet)
rElec    .         Reflect  .   l - +1 cloak
rCorr    .         Harm     .   d - +0 pair of gloves
MR       +....     Clarity  +   (no boots)
Stlth    +.........             s - amulet of magic regeneration
Regen    0.3/turn               o - ring of wizardry
MPRegen  0.2/turn               j - ring of protection from cold

@: drained, slow
A: swims, hooves 1, large bone plates 1, clarity, slowness 1, strong legs 1
a: Hop, Heroism, Renounce Religion


You were on level 10 of the Dungeon.
You worshipped Okawaru.
Okawaru was greatly pleased with you.
You were not hungry.

You visited 1 branch of the dungeon, and saw 10 of its levels.
You also visited: Ossuary.

You collected 584 gold pieces.
You spent 313 gold pieces at shops.

Inventory:

Hand Weapons
 a - a +0 war axe (weapon)
 D - a +1 hand crossbow
Armour
 d - a +0 pair of gloves (worn)
 l - a +1 cloak (worn)
 F - a +3 leather armour of magic resistance (worn)
Jewellery
 j - a ring of protection from cold (left hand)
 o - a ring of wizardry (right hand)
 s - an amulet of magic regeneration (around neck)
 E - an uncursed ring of flight
Wands
 h - a wand of confusion (13/48)
 m - a wand of iceblast (9/15)
 q - a wand of iceblast (3/15)
 u - a wand of digging (24/24)
 x - a wand of disintegration (17/24)
Scrolls
 e - 2 scrolls of identify
 i - 6 scrolls of teleportation
 p - 2 scrolls of fear
 t - 5 scrolls of remove curse
 y - 2 scrolls of amnesia
 z - a scroll of enchant armour
 H - a scroll of magic mapping
 O - a scroll of enchant weapon
Potions
 k - a potion of resistance
 v - 2 potions of mutation
 w - 3 potions of flight
 C - a potion of might
 I - 2 potions of heal wounds
 J - 3 potions of haste
 L - 3 potions of curing
 M - a potion of invisibility
Books
 b - a book of Spatial Translocations

   Spells                             Type                      Level
   a - Blink                          Translocation                2
   b - Shroud of Golubria             Charms/Translocation         2
   c - Lesser Beckoning               Translocation                3
   d - Portal Projectile              Translocation                3
   e - Teleport Other                 Translocation                3
   f - Passage of Golubria            Translocation                4
 r - a book of Misfortune

   Spells                             Type                      Level
   a - Confusing Touch                Hexes                        1
   b - Confuse                        Hexes                        3
   c - Gell's Gravitas                Hexes/Translocation          3
   d - Petrify                        Transmutation/Earth          4
   e - Metabolic Englaciation         Hexes/Ice                    5
   f - Yara's Violent Unravelling     Hexes/Transmutation          5
Comestibles
 c - 13 chunks of flesh
 f - 10 bread rations
 g - 11 fruits
 n - 7 meat rations
 B - 6 royal jellies


   Skills:
 - Level 2.1(1.2) Fighting
 + Level 14.3(13.1) Axes
 + Level 9.4(8.3) Crossbows
 - Level 2.0(1.1) Dodging
 - Level 1.0(0.1) Stealth
 + Level 3.5(2.6) Invocations


You had 10 spell levels left.
You didn't know any spells.

Dungeon Overview and Level Annotations

Branches:
Dungeon (10/15)            Temple (0/1) D:6             Orc (0/2) D:9
   Lair: D:8-11

Altars:
Ashenzari
Cheibriados
Elyvilon
Hepliaklqana
Makhleb
Okawaru
Qazlal
Sif Muna
Uskayaw

Shops:
D:6 (   D:9 [

Annotations:
D:4 Blork the orc, Natasha


Innate Abilities, Weirdness & Mutations

You can swim through water.
You cover ground slowly.
You can hop short distances.
You have large cloven feet.
You are partially covered in large bone plates. (SH +4)
You possess an exceptional clarity of mind.


Message History

The hippogriff is almost dead.
The hippogriff bites you.
* * * LOW HITPOINT WARNING * * *
The hippogriff pecks you.
* * * LOW HITPOINT WARNING * * *
The hippogriff barely misses you.
You barely miss the hippogriff.
The hippogriff is almost dead.
The hippogriff bites you.
* * * LOW HITPOINT WARNING * * *
The hippogriff pecks you.
* * * LOW HITPOINT WARNING * * *
The hippogriff claws you.
* * * LOW HITPOINT WARNING * * *
You barely miss the hippogriff.
The hippogriff is almost dead.
You hit the hippogriff but do no damage.
The hippogriff is almost dead.
The hippogriff closely misses you. x2; The hippogriff claws you.
You die...

█..█ ██.█
█.█ █.█
█.█ ██
█.█████.█
█(██...█
█..)..█
████@█.█


█H█ █.█ █.█ █.. ███ You could see a hippogriff.

Vanquished Creatures
  2 two-headed ogres (D:9)
  Maurice (D:9)
  3 hogs (D:7)
  2 wraiths
  A human (D:7)
  A yak (D:7)
  A steam dragon (D:7)
  Menkaure (D:7)
  5 orc warriors
  An ice beast (D:7)
  A sky beast (D:9)
  A phantom (D:9)
  9 ogres
  3 centaurs
  A crocodile (D:8)
  A big kobold (D:8)
  4 bullfrogs
  A wyvern skeleton (D:7)
  4 scorpions
  4 wights
  5 crimson imps
  A bullfrog zombie (D:6)
  3 hounds
  A centaur zombie (D:7)
  6 orc priests
  Jessica (D:2)
  Natasha (D:4)
  16 orc wizards
  4 worker ants
  A killer bee zombie (D:8)
  3 hound skeletons
  A mummy (Ossuary)
  2 howler monkey skeletons
  14 adders
  An ooze (D:1)
  An adder skeleton (D:6)
  A dart slug (D:3)
  2 leopard geckos
  36 orcs
  4 ball pythons
  A giant cockroach (D:1)
  6 goblins
  9 hobgoblins
  7 jackals (D:5)
  9 quokkas
  9 bats
  3 frilled lizards
  A giant cockroach zombie (D:5)
  5 gnoll skeletons (Ossuary)
  A jackal skeleton (D:4)
  13 kobolds
  5 kobold skeletons (Ossuary)
  15 orc skeletons (Ossuary)
  6 rats
241 creatures vanquished.

Notes
Turn   | Place    | Note
-------+----------+-------------------------------------------
     0 | D:1      | nht the Barachian Hunter began the quest for the Orb.
     0 | D:1      | Reached XP level 1. HP: 16/16 MP: 1/1
   105 | D:1      | Reached XP level 2. HP: 22/22 MP: 2/2
   380 | D:1      | Reached XP level 3. HP: 27/27 MP: 3/3
   763 | D:2      | Noticed Jessica
   766 | D:2      | Killed Jessica
   766 | D:2      | Reached skill level 5 in Crossbows
   766 | D:2      | Reached XP level 4. HP: 33/33 MP: 4/4
  1557 | D:3      | Gained mutation: You are partially covered in large bone plates. (SH +4) [potion of mutation]
  1557 | D:3      | Gained mutation: You possess an exceptional clarity of mind. [potion of mutation]
  1557 | D:3      | Gained mutation: You have large cloven feet. [potion of mutation]
  1886 | D:3      | Reached XP level 5. HP: 14/38 MP: 5/5
  2261 | D:3      | what
  2745 | D:4      | Noticed Natasha
  2751 | D:4      | Killed Natasha
  2751 | D:4      | Reached XP level 6. HP: 33/44 MP: 6/6
  2999 | D:4      | Noticed Blork the orc
  3080 | D:4      | Reached XP level 7. HP: 43/50 MP: 7/7
  3356 | D:4      | Noticed Natasha
  3644 | D:5      | Entered Level 5 of the Dungeon
  4116 | D:5      | Found a burning altar of Makhleb.
  4118 | D:5      | Found a white marble altar of Elyvilon.
  4118 | D:5      | Found a stormy altar of Qazlal.
  4119 | D:5      | Found a deep blue altar of Sif Muna.
  4119 | D:5      | Found an iron altar of Okawaru.
  4119 | D:5      | Found a hide-covered altar of Uskayaw.
  4119 | D:5      | Found a hazy altar of Hepliaklqana.
  4136 | D:5      | Became a worshipper of Warmaster Okawaru
  4536 | D:6      | ...
  4536 | D:6      | Reached skill level 11 in Axes
  4536 | D:6      | Reached XP level 8. HP: 56/56 MP: 8/8
  4578 | D:6      | Found a staircase to the Ecumenical Temple.
  4680 | D:6      | Reached skill level 12 in Axes
  4731 | D:6      | Found Vousomya's Antique Weapon Boutique.
  5213 | D:6      | Reached XP level 9. HP: 22/61 MP: 9/9
  5326 | D:6      | Reached * piety under Okawaru
  5758 | D:7      | Found a shattered altar of Ashenzari.
  5792 | D:7      | Found a sand-covered staircase.
  5811 | Ossuary  | Entered an ossuary
  6063 | D:7      | Found a snail-covered altar of Cheibriados.
  6096 | D:7      | Noticed Menkaure
  6104 | D:7      | Killed Menkaure
  6540 | D:7      | Reached skill level 13 in Axes
  6619 | D:7      | Reached XP level 10. HP: 6/67 MP: 10/10
  6623 | D:7      | Reached ** piety under Okawaru
  7870 | D:7      | Found a shattered altar of Ashenzari.
  8356 | D:8      | Reached skill level 14 in Axes
  9777 | D:9      | Noticed a two-headed ogre
  9798 | D:9      | Found a staircase to the Orcish Mines.
  9809 | D:9      | Reached skill level 1 in Invocations
 10136 | D:9      | Reached *** piety under Okawaru
 10142 | D:9      | this fucking trash race
 10458 | D:9      | Noticed a two-headed ogre
 10469 | D:9      | Killed a two-headed ogre
 10820 | D:9      | Killed a two-headed ogre
 10820 | D:9      | Reached **** piety under Okawaru
 10820 | D:9      | Reached XP level 11. HP: 58/72 MP: 10/13
 10828 | D:9      | Found Dyeror's Armour Boutique.
 10834 | D:9      | Bought a +0 pair of gloves for 49 gold pieces
 10839 | D:9      | Bought a +3 leather armour of magic resistance for 264 gold pieces
 11160 | D:9      | Noticed Maurice
 11168 | D:9      | Killed Maurice
 11299 | D:10     | Entered Level 10 of the Dungeon
 11444 | D:10     | HP: 1/72 [hippogriff (5)]
 11446 | D:10     | Slain by a hippogriff

Vault maps used:
D:1:      lemuel_arrival_hallway, minmay_misc_feat_columns, minmay_domino_4
D:2:      uniq_jessica
D:3:      first_bread, serial_park_tiny_pond, kennysheep_generic_room_10
D:4:      cheibrodos_quashed, uniq_natasha, uniq_blork_the_orc
D:5:      grunt_temple_overflow_open
D:6:      minmay_temple_entry_statues_fountains, serial_shops,
          nicolae_shop_competitors_out_of_business, st_stairs_3
D:7:      kennysheep_little_box, lemuel_crystal_altar,
          nicolae_ossuary_entry_ruins, roderic_nine_men_s_morris,
          grunt_livestock, ashenzari_altar_1, uniq_menkaure
D:9:      orc_david_3, uniq_maurice
D:10:     dpeg_oklobed_lair, kennysheep_generic_room_9, uniq_urug
Ossuary:  ossuary_due_mausoleum

Skill      XL: |  1  2  3  4  5  6  7  8  9 10 |
---------------+-------------------------------+-----
Crossbows      | 4 5 6 7 8 9 |  9.4
Axes           | 11 12 13 14 | 14.3
Invocations    | 3 |  3.5
Fighting       | |  2.1
Dodging        | |  2.0
Stealth        | |  1.0

Action                   |  1- 3 |  4- 6 |  7- 9 | 10-12 || total
-------------------------+-------+-------+-------+-------++-------
Melee: Dagger            |       |    44 |       |       ||    44
       Kick              |       |    26 |    85 |   100 ||   211
       Short sword       |       |    94 |   187 |       ||   281
       Hand axe          |       |       |   219 |   278 ||   497
       Punch             |       |       |     2 |     4 ||     6
       War axe           |       |       |       |   205 ||   205
 Fire: Hand crossbow     |    64 |    57 |       |       ||   121
Invok: Heroism           |       |       |     4 |     8 ||    12
 Abil: Hop               |       |     1 |     4 |     4 ||     9
Evoke: Wand              |       |       |    18 |    33 ||    51
  Use: Potion            |       |     6 |     3 |     4 ||    13
       Scroll            |       |       |    18 |    13 ||    31
 Stab: Confused          |       |       |       |     5 ||     5
  Eat: Chunk             |       |     8 |    12 |    16 ||    36
       Fruit             |       |       |       |     1 ||     1
Armor: Leather armour    |     9 |    31 |    70 |    28 ||   138
       Plate armour      |       |       |       |   142 ||   142
Dodge: Dodged            |    12 |    56 |   175 |   102 ||   345
Block: Other             |       |    17 |    52 |    56 ||   125
